 Dungeon Crawl Stone Soup version 0.17-a0-1479-g4041c36 (webtiles) character file.

4165 Parakulo the Changer (level 10, -3/91 HPs)
             Began as a Troll Transmuter on July 3, 2015.
             Was a Believer of Sif Muna.
             Slain by a killer bee (7 damage)
             ... on level 8 of the Dungeon.
             The game lasted 00:31:17 (7744 turns).

Parakulo the Changer (Troll Transmuter)             Turns: 7744, Time: 00:31:17

Health: -3/91      AC:  2    Str: 20    XL:     10   Next: 7%
Magic:  23/27      EV: 19    Int: 12    God:    Sif Muna [**....]
Gold:   431        SH:  0    Dex: 15    Spells: 5 memorised, 12 levels left

rFire  . . .     SeeInvis .       - Unarmed
rCold  . . .     Clarity  .     (armour currently unavailable)
rNeg   . . .     SustAt   .     (shield currently unavailable)
rPois  x         Gourm    +     (helmet currently unavailable)
rElec  .         Spirit   .     (cloak currently unavailable)
rCorr  .         Warding  .     (gloves unavailable)
rMut   .         Stasis   .     (boots unavailable)
MR     .....                    (no amulet)
Stlth  +.........               (no ring)
                                k - ring of magical power

@: spider-form, very slightly contaminated, not resistant to hostile
enchantments, very unstealthy
A: unfitting armour, (claws 0), fast metabolism 3, gourmand, regeneration 2,
(shaggy fur 0), (tough skin 0)
a: End Transformation, Channel Energy, Forget Spell, Renounce Religion


You were on level 8 of the Dungeon.
You worshipped Sif Muna.
Sif Muna was pleased with you.
You were not hungry.
You were a venomous arachnid creature.
You visited 2 branches of the dungeon, and saw 10 of its levels.

You collected 431 gold pieces.

Inventory:

Missiles
 a - 149 arrows
 l - 26 poisoned needles
 w - 8 needles of sleeping
Armour
 x - a +1 robe of fire resistance (melded)
 B - a +0 cloak (melded)
Jewellery
 e - an uncursed ring of ice
 k - a ring of magical power (left front leg)
 m - an uncursed ring of flight
 o - an uncursed amulet of warding
 D - an uncursed ring of sustain attributes
Magical devices
 b - a wand of frost (21)
 y - a wand of polymorph (14)
 E - a wand of polymorph (13)
Scrolls
 f - 6 scrolls of identify
 g - 3 scrolls of recharging
 h - 2 scrolls of remove curse
 s - 2 scrolls of immolation
 t - 3 scrolls of enchant weapon
 u - 2 scrolls of blinking
 z - a scroll of vulnerability {unknown}
 A - a scroll of teleportation
 C - 2 scrolls of fog
Potions
 j - a potion of resistance
Books
 c - a book of Changes

   Spells                             Type                      Level
   a - Beastly Appendage              Transmutation                1
   b - Sticks to Snakes               Transmutation                2
   c - Spider Form                    Transmutation/Poison         3
   d - Ice Form                       Ice/Transmutation            4
   e - Blade Hands                    Transmutation                5
 i - a book of Beasts

   Spells                             Type                      Level
   a - Summon Butterflies             Summoning                    1
   b - Call Canine Familiar           Summoning                    3
   c - Summon Ice Beast               Ice/Summoning                4
   d - Summon Mana Viper              Hexes/Summoning              5
   e - Summon Hydra                   Summoning                    7
 v - a Young Poisoner's Handbook

   Spells                             Type                      Level
   a - Sting                          Conjuration/Poison           1
   b - Cure Poison                    Poison                       2
   c - Mephitic Cloud                 Conjuration/Poison/Air       3
   d - Olgreb's Toxic Radiance        Poison                       4
   e - Venom Bolt                     Conjuration/Poison           5
Comestibles
 d - 10 bread rations
 n - a beef jerky
 p - 4 meat rations
 r - a slice of pizza


   Skills:
 - Level 3.2 Fighting
 - Level 1.5 Dodging
 - Level 5.7 Unarmed Combat
 + Level 6.2 Spellcasting
 * Level 6.8 Transmutations
 + Level 1.8 Poison Magic


You had 12 spell levels left.
You knew the following spells:

 Your Spells              Type           Power        Failure   Level  Hunger
a - Beastly Appendage     Trmt           ###...       6%          1    None
b - Sticks to Snakes      Trmt           ###.......   8%          2    ##.....
c - Spider Form           Trmt/Pois      ##........   28%         3    ###....
d - Sting                 Conj/Pois      #...         32%         1    None
e - Cure Poison           Pois           #.........   32%         2    ##.....


Dungeon Overview and Level Annotations

Branches:
Dungeon (9/15)             Temple (1/1) D:6
   Lair: D:8-11         Orc: D:9-12

Altars:
Ashenzari
Cheibriados
Dithmenos
Elyvilon
Fedhas
Gozag
Kikubaaqudgha
Makhleb
Nemelex Xobeh
Okawaru
Qazlal
Ru
Sif Muna
Trog
Vehumet
Xom
Yredelemnul
Zin
The Shining One


Innate Abilities, Weirdness & Mutations

You are too large for most types of armour.
((You have claws for hands.))
Your metabolism is lightning-fast.
You like to eat raw meat.
You heal very quickly.
((You are covered in fur (AC +1).))
((You have very tough skin (AC +2).))


Message History

The killer bee barely misses you. The killer bee stings you.
* * * LOW HITPOINT WARNING * * *
You are poisoned.
The killer bee poisons you!
You feel sick. The killer bee barely misses you.
You feel sick. The killer bee barely misses you.
You feel sick. The killer bee misses you.
Casting: Spider Form
Confirm with . or Enter, or press ? or * to list all spells.
You are no longer poisoned.
The killer bee closely misses you. The killer bee stings you.
* * * LOW HITPOINT WARNING * * *
The killer bee misses you. The killer bee barely misses you.
The killer bee misses you. The killer bee closely misses you.
The killer bee barely misses you. The killer bee misses you.
The killer bee closely misses you. The killer bee closely misses you.
The killer bee stings you!
You die...

## #..#
#..###..##...##..##
# #..# ##.##
##..>........####
#..# ###..#
##..............
#..###...##
##....######...
#..[.....# #.....#
##.. ####....###.##
##..##.# ##..
.##..)#####..#
##.###### #..#
.............####.##
##...
####..........##s##
#....
#...######Yyy##
####. ##.## ##.## ##
#.## ### #..# ##.##
### ######..####.#
.............#
.............#


You could see a sky beast and 2 killer bees.

Vanquished Creatures
  Erica (D:8)
  Pikel (D:3)
  Grinder (D:3)
  A spriggan (D:7)
  A hippogriff (D:8)
  Menkaure (D:5)
  2 steam dragons
  A phantom (D:8)
  3 ice beasts
  3 ogres
  A centaur (D:7)
  Blork the orc (D:4)
  A big kobold (D:7)
  2 giant frogs (D:6)
  A water moccasin skeleton (D:8)
  2 killer bees (D:8)
  A jelly (D:7)
  A quasit (D:8)
  2 crimson imps
  2 orc priests (D:4)
  5 orc wizards
  A centaur zombie (D:5)
  A giant frog skeleton (D:7)
  6 hounds
  Jessica (D:2)
  2 iguanas
  4 worker ants
  7 adders
  3 shadow imps
  2 oozes
  3 adder skeletons
  5 worms
  4 giant geckos
  15 orcs
  A ball python (D:8)
  4 giant cockroaches
  10 hobgoblins
  12 jackals
  4 quokkas
  14 bats
  A giant gecko skeleton (D:7)
  6 giant newts
  5 goblins
  10 kobolds
  A quokka skeleton (D:6)
  27 rats
183 creatures vanquished.

Vanquished Creatures (collateral kills)
  An orc warrior (D:7)
  An orc wizard (D:7)
  A shadow imp (D:7)
  An orc (D:8)
  A hobgoblin (D:7)
  A kobold (D:7)
6 creatures vanquished.

Vanquished Creatures (others)
  An ogre (D:4)
  A worker ant (D:4)
  6 orcs (D:4)
8 creatures vanquished.

Grand Total: 197 creatures vanquished

Notes
Turn   | Place    | Note
--------------------------------------------------------------
     0 | D:1      | Parakulo the Troll Transmuter began the quest for the Orb.
     0 | D:1      | Reached XP level 1. HP: 18/18 MP: 1/1
   276 | D:1      | Reached XP level 2. HP: 26/26 MP: 0/3
   704 | D:2      | Noticed Jessica
   721 | D:2      | Killed Jessica
   721 | D:2      | Reached skill level 1 in Fighting
   721 | D:2      | Reached XP level 3. HP: 31/33 MP: 2/4
   823 | D:2      | Reached XP level 4. HP: 36/41 MP: 5/5
  1194 | D:3      | Learned a level 2 spell: Sticks to Snakes
  1257 | D:3      | Noticed Grinder
  1261 | D:3      | Paralysed by Grinder for 2 turns
  1273 | D:3      | Killed Grinder
  1273 | D:3      | Reached skill level 4 in Unarmed Combat
  1273 | D:3      | Reached XP level 5. HP: 18/49 MP: 5/7
  1273 | D:3      | Reached XP level 6. HP: 20/57 MP: 5/8
  1393 | D:3      | Found a faded altar to an unknown god.
  2101 | D:4      | Found a shattered altar of Ashenzari.
  2376 | D:4      | Reached XP level 7. HP: 59/65 MP: 10/10
  2416 | D:4      | Noticed Blork the orc
  2427 | D:4      | Killed Blork the orc
  2478 | D:4      | Noticed Pikel
  2599 | D:3      | Killed Pikel
  2599 | D:3      | Reached skill level 5 in Unarmed Combat
  2599 | D:3      | Reached XP level 8. HP: 33/74 MP: 13/13
  2772 | D:4      | Noticed Menkaure
  3276 | D:5      | Entered Level 5 of the Dungeon
  3539 | D:5      | Killed Menkaure
  3731 | D:5      | Found a staircase to the Ecumenical Temple.
  3759 | D:5      | Found a shadowy altar of Dithmenos.
  4261 | D:6      | Found a staircase to the Ecumenical Temple.
  4271 | Temple   | Entered the Ecumenical Temple
  4322 | Temple   | Became a worshipper of Sif Muna the Loreminder
  4659 | D:6      | Reached skill level 5 in Transmutations
  5013 | D:6      | Reached XP level 9. HP: 61/83 MP: 15/15
  5025 | D:6      | Reached skill level 5 in Spellcasting
  5637 | D:7      | Found a blossoming altar of Fedhas.
  5640 | D:7      | Found an opulent altar of Gozag.
  5640 | D:7      | Found a glowing golden altar of the Shining One.
  5640 | D:7      | Found an ancient bone altar of Kikubaaqudgha.
  5644 | D:7      | Found an iron altar of Okawaru.
  5644 | D:7      | Found a snail-covered altar of Cheibriados.
  5788 | D:7      | Acquired Sif Muna's first power
  6294 | D:7      | Reached skill level 6 in Transmutations
  6311 | D:7      | Learned a level 3 spell: Spider Form
  6534 | D:8      | HP: 4/83 [something (2)]
  6775 | D:8      | Noticed Erica
  6791 | D:8      | Killed Erica
  6791 | D:8      | Acquired Sif Muna's second power
  6791 | D:8      | Reached skill level 1 in Poison Magic
  7017 | D:8      | Reached XP level 10. HP: 57/91 MP: 18/18
  7520 | D:8      | Learned a level 1 spell: Sting
  7702 | D:8      | Learned a level 2 spell: Cure Poison
  7740 | D:8      | HP: 1/91 [killer bee (5)]
  7744 | D:8      | Slain by a killer bee

Vault maps used:
D:1:      erik_arrival_orb_chamber
D:2:      uniq_jessica
D:3:      ecumenical_altar_1, uniq_grinder
D:4:      cheibrodos_ashenzari_chains, uniq_menkaure, uniq_pikel,
          uniq_blork_the_orc
D:5:      kennysheep_steamy, minmay_temple_entry_fiery, basic_altar, first_bread
D:6:      minmay_temple_entry_hall
D:7:      grunt_temple_overflow_open, the_bakery
D:8:      uniq_erica
D:9:      david_orc_3, serial_shops, nicolae_shop_crystal, uniq_maurice
Temple:   oiseaux_autumnal_temple_12

Action                   |  1- 3 |  4- 6 |  7- 9 | 10-12 || total
-------------------------+-------+-------+-------+-------++-------
Melee: Unarmed           |    87 |   158 |   328 |    55 ||   628
 Cast: Beastly Appendage |     8 |    33 |    49 |     3 ||    93
       Sticks to Snakes  |       |       |    32 |       ||    32
       Cure Poison       |       |       |       |     3 ||     3
       Spider Form       |       |       |       |     1 ||     1
Evoke: Wand              |       |       |       |     1 ||     1
  Use: Potion            |       |     9 |     8 |     2 ||    19
       Scroll            |       |       |     9 |     1 ||    10
  Eat: Chunk             |    13 |    13 |    42 |     1 ||    69
       Royal jelly       |       |       |     1 |       ||     1
       Beef jerky        |       |       |     1 |       ||     1
